 Dungeon Crawl Stone Soup version 0.31-a0-654-gbe3e110b4e (webtiles) character file.

Game seed: 6637362503682064822

303 ytrimaz the Sneak (level 6, -1/38 HPs)
             Began as an Octopode Shapeshifter on Aug 29, 2023.
             Was an Initiate of Ashenzari.
             Slain by Duvessa
             ... wielding a +2 rapier of electrocution
              (15 damage)
             ... on level 4 of the Dungeon.
             The game lasted 00:02:13 (2811 turns).

ytrimaz the Sneak (Octopode Shapeshifter)           Turns: 2811, Time: 00:02:14

Health: -1/38      AC:  1    Str: 13    XL:     6   Next: 38%
Magic:  6/6        EV: 13    Int: 13    God:    Ashenzari [......]
Gold:   129        SH:  0    Dex: 13    Spells: 5/5 levels left

rFire   + .          .
                       - Unarmed
rCold   . . .        (no shield)
rNeg    . . .        (helmet currently unavailable)
rPois   .            (no amulet)
rElec   .            d - ring of protection from fire
rCorr   .            (no ring)
SInv    .            (no ring)
Will    .....        (no ring)
Stlth   ++++         (no ring)
HPRegen 0.26/turn    (no ring)
MPRegen 0.10/turn    (no ring)
                     (no ring)

%: no passive effects
@: beast-form
A: beast (slay +2), almost no armour, amphibious, 8 rings, camouflage 1,
gelatinous body 1, (nimble swimmer 1), tentacles
a: Begin Untransformation, Renounce Religion, Curse Item


You were on level 4 of the Dungeon.
You worshipped Ashenzari.
Ashenzari was noncommittal.
You were a hulking beast.
You visited 1 branch of the dungeon, and saw 4 of its levels.

You collected 129 gold pieces.


Innate Abilities, Weirdness & Mutations

You are a hulking beast.
Your limbs bulge with bestial killing power. (Slay +2)
You cannot wear most types of armour.
You are amphibious.
You can wear up to eight rings at the same time.
Your skin changes colour to match your surroundings (Stealth+).
Your rubbery body absorbs attacks. (AC +1, EV +1)
((You are camouflaged when in or above water. (Stealth+)))
You have tentacles for arms and can constrict up to eight enemies at once.


   Skills:
 - Level 1.0 Fighting
 - Level 2.0 Dodging
 + Level 5.0 Stealth
 + Level 4.6 Unarmed Combat
 + Level 4.4 Shapeshifting


You had 5 spell levels left.
You didn't know any spells.
Your spell library contained the following spells:

 Spells                   Type           Power      Damage    Failure   Level
 Cigotuvi's Dreadful Rot  Necr/Pois/Air  0%         N/A       43%         2
 Dazzling Flash           Conj/Hex       0%         N/A       67%         3
 Volatile Blastmotes      Fire/Tloc      0%         2d10      67%         3
 Dispel Undead            Necr           0%         3d6       97%         4
 Death Channel            Necr           0%         N/A       100%        6
 Starburst                Conj/Fire      0%         6d3       100%        6
 Maxwell's Capacitive Co  Air            0%         ∞         100%        8

Inventory:

Missiles
 j - 6 curare-tipped darts
Jewellery
 d - a ring of protection from fire (left tentacle)
   (You found it on level 4 of the Dungeon)
Talismans
 b - a beast talisman (active)
 c - a flux talisman
Scrolls
 g - 2 scrolls of fear
Potions
 a - 2 potions of lignification
 e - a potion of mutation {unknown}
 f - 2 potions of ambrosia {unknown}
 h - a potion of enlightenment {unknown}
 i - 2 potions of attraction {unknown}

Dungeon Overview and Level Annotations

Branches:
Dungeon (4/15) Zot: 21196
 Temple: D:4-7

Altars:
Ashenzari
Dithmenos

Annotations:
D:4 Dowan, Duvessa

... ... ...
#.# #g# #e#
#e# #h#
#########.#
#.......).#
#.#########
#.# #.#
#####.#
#...#.#
#.#.#.#


You could see Duvessa, Dowan and a gnoll.


Message History

You tentacle-slap the kobold.
You kill the kobold!
Things that are here:
a +0 short sword; a kobold corpse Unknown command.
Menkaure shouts!
You tentacle-slap Menkaure. You grab Menkaure. You constrict Menkaure.
Unknown command.
You tentacle-slap Menkaure. You constrict Menkaure.
Menkaure closely misses you.
Unknown command.
You tentacle-slap Menkaure. You constrict Menkaure. Menkaure hits you!
A dart slug comes into view. 😮 HP[-15]
You take 15 damage, and now have 18/33 hp.
MASSIVE DAMAGE!! (PAUSE)
You bludgeon Menkaure! You constrict Menkaure.
You destroy Menkaure!
Your Stealth skill increases to level 5!
You have reached level 6! 😮 HP[+3] MP[+1]
You now have 38 max hp (+5).
You regained 3 hp, and now have 21/38 hp.
Your mp is fully restored (6).
The dart slug launches a dart at you. The slug dart hits you. 😮 HP[-1]
You take 1 damage, and now have 20/38 hp.
Unknown command.
You bludgeon the dart slug!
You kill the dart slug!
You are too injured to fight recklessly!
You are too injured to fight recklessly!
Key pressed, stopping explore. 😕 HP[+12]
You regained 12 hp, and now have 32/38 hp.
You see here a +0 club.
d - a ring of protection from fire An endoplasm comes into view.
The endoplasm moves out of view. 😎 HP[+6]
Your hp is fully restored (38).
No target in view!
A hobgoblin comes into view.
d - a ring of protection from fire (left tentacle)
The endoplasm quivers.
You tentacle-slap the endoplasm.
You kill the endoplasm!
An endoplasm comes into view.
Okay, then.
The endoplasm quivers.
You tentacle-slap the endoplasm.
You kill the endoplasm!
You tentacle-slap the hobgoblin but do no damage.
Your grab misses the hobgoblin. Your squeeze misses the hobgoblin.
The hobgoblin closely misses you.
You tentacle-slap the hobgoblin. Your grab misses the hobgoblin.
The hobgoblin closely misses you.
Unknown command.
You tentacle-slap the hobgoblin but do no damage.
You grab the hobgoblin. You constrict the hobgoblin.
You kill the hobgoblin!
No target in view!
Unknown command.
Key pressed, stopping explore.
A kobold comes into view. It is wielding a +0 club.
A kobold is nearby!
A kobold is nearby!
A kobold is nearby!
The kobold shouts!
You hear a shout! x2
Unknown command.
You bludgeon the kobold!
You kill the kobold!
No target in view!
Duvessa, Sister of Dowan comes into view.
She is wielding a +2 rapier of electrocution.
Duvessa shouts!
You hear a shout!
Dowan, Brother of Duvessa comes into view.
He is wielding a +0 dagger and carrying a wand of flame.
Things that are here:
a +0 club; 4 stones; a kobold corpse Duvessa says, "Where magic fails, the sword succeeds!"
A gnoll comes into view. It is wielding a +0 spear.
Duvessa hits you with a +2 rapier of electrocution! 😮 HP[-15]
You take 15 damage, and now have 23/38 hp.
MASSIVE DAMAGE!! (PAUSE)
You barely miss Duvessa. You grab Duvessa. You constrict Duvessa.
Dowan casts a spell.
Dowan blinks!
Duvessa barely misses you. 😮 HP[+1]
You tentacle-slap Duvessa but do no damage.
You constrict Duvessa.
Duvessa hits you with a +2 rapier of electrocution!
* * * LOW HITPOINT WARNING * * *
😨 HP[-10]
You take 10 damage, and now have 14/38 hp.
MASSIVE DAMAGE!! (PAUSE)
You tentacle-slap Duvessa but do no damage.
You squeeze Duvessa. You constrict Duvessa.
Duvessa hits you with a +2 rapier of electrocution!
You die...

Skill      XL: |  1  2  3  4  5 |
---------------+----------------+-----
Stealth        | 1 2 4 5 |  5.0
Unarmed Combat | 4 |  4.6
Shapeshifting  | 4 |  4.4
Fighting       | |  1.0
Dodging        | |  2.0

Action                     |  1- 3 |  4- 6 || total
---------------------------+-------+-------++-------
  Melee: Unarmed           |    57 |    48 ||   105
         Constrict         |    14 |    13 ||    27
         Tentacles         |     9 |     8 ||    17
         Punch             |       |     2 ||     2
    Use: Scroll            |       |     2 ||     2
   Stab: Sleeping          |     9 |    13 ||    22
 Armour: Skin              |       |     1 ||     1
  Dodge: Dodged            |    32 |    16 ||    48

Levels and vault maps discovered:
D:1:      eino_arrival_water_cross, layout_basic
D:2:      layout_basic, kennysheep_generic_room_10
D:3:      layout_basic, chequers_temple_overflow_statue_of_worship,
          serial_bayou_pond_a, minmay_between
D:4:      layout_basic, uniq_duvessa, uniq_menkaure, uniq_edmund

Notes
Turn   | Place    | Note
-------+----------+-------------------------------------------
     0 | D:1      | ytrimaz the Octopode Shapeshifter began the quest for the
                  | Orb.
     0 | D:1      | Reached XP level 1. HP: 13/13 MP: 1/1
     0 | D:1      | magus.rc [v1.9.6]
    64 | D:1      | You pick up a book of Spectacle and begin reading...
    64 | D:1      | You add the spells Volatile Blastmotes, Dazzling Flash,
                  | Starburst and Maxwell's Capacitive Coupling to your
                  | library.
   122 | D:1      | Reached skill level 1 in Stealth
   182 | D:1      | Reached XP level 2. HP: 18/18 MP: 2/2
   694 | D:1      | Reached skill level 2 in Stealth
   861 | D:2      | Reached XP level 3. HP: 23/23 MP: 3/3
  1209 | D:2      | Reached XP level 4. HP: 25/28 MP: 4/4
  1280 | D:2      | You pick up a book of Decay and begin reading...
  1280 | D:2      | You add the spells Cigotuvi's Dreadful Rot, Dispel Undead
                  | and Death Channel to your library.
  1576 | D:3      | Found a broken altar of Ashenzari.
  1576 | D:3      | Found a shadowy altar of Dithmenos.
  1588 | D:3      | Became a worshipper of Ashenzari the Shackled
  1805 | D:3      | Reached skill level 3 in Stealth
  2620 | D:4      | Noticed a black bear
  2627 | D:4      | Killed a black bear
  2628 | D:4      | Reached skill level 4 in Stealth
  2628 | D:4      | Reached skill level 4 in Unarmed Combat
  2628 | D:4      | Reached skill level 4 in Shapeshifting
  2628 | D:4      | Reached XP level 5. HP: 29/33 MP: 5/5
  2651 | D:4      | Noticed Menkaure
  2662 | D:4      | Killed Menkaure
  2663 | D:4      | Reached skill level 5 in Stealth
  2663 | D:4      | Reached XP level 6. HP: 21/38 MP: 6/6
  2805 | D:4      | Noticed Duvessa
  2805 | D:4      | Noticed Dowan
  2811 | D:4      | Slain by Duvessa

Vanquished Creatures
  Menkaure (D:4)
  A black bear (D:4)
  3 adders
  A worm (D:2)
  A dart slug (D:4)
  5 endoplasms
  3 giant cockroaches
  10 goblins
  6 hobgoblins
  4 jackals
  A quokka (D:3)
  6 ball pythons
  4 bats
  A frilled lizard (D:2)
  8 kobolds
  3 rats
58 creatures vanquished.

Table legend:
 A = Non-vault XP
 B = Vault XP
 C = Vault XP percentage of total XP
 D = Non-vault monster count
 E = Vault monster count
 F = Vault count percentage of total count
                 A         B        C        D         E       F
            +---------+---------+-------+---------+---------+-------
      Total |     251 |     182 |  42.0 |      53 |       5 |   8.6
            +---------+---------+-------+---------+---------+-------
        D:1 |      32 |       0 |   0.0 |      18 |       0 |   0.0
        D:2 |      53 |       1 |   1.9 |      15 |       1 |   6.2
        D:3 |      33 |       6 |  15.4 |      13 |       3 |  18.8
        D:4 |     133 |     175 |  56.8 |       7 |       1 |  12.5
            +---------+---------+-------+---------+---------+-------

Skill      XL: |  1  2  3  4  5 |
---------------+----------------+-----
Stealth        | 1 2 4 5 |  5.0
Unarmed Combat | 4 |  4.6
Shapeshifting  | 4 |  4.4
Fighting       | |  1.0
Dodging        | |  2.0

Action                     |  1- 3 |  4- 6 || total
---------------------------+-------+-------++-------
  Melee: Unarmed           |    57 |    48 ||   105
         Constrict         |    14 |    13 ||    27
         Tentacles         |     9 |     8 ||    17
         Punch             |       |     2 ||     2
    Use: Scroll            |       |     2 ||     2
   Stab: Sleeping          |     9 |    13 ||    22
 Armour: Skin              |       |     1 ||     1
  Dodge: Dodged            |    32 |    16 ||    48

Illustrated notes

Table legend:
 A = Kills in this place as a percentage of kills in the entire game.
 B = Kills by you in this place as a percentage of kills by you in the entire game.
 C = Kills by friends in this place as a percentage of kills by friends in the entire game.
 D = Other kills in this place as a percentage of other kills in the entire game.
 E = Experience gained in this place as a percentage of experience gained in the entire game.
 F = Experience gained in this place divided by the number of levels of this place that you have seen.
                   A       B       C       D       E      F
               +-------+-------+-------+-------+-------+----------------------
         Total | 100.0 | 100.0 |   N/A |   N/A | 100.0 | 108.2
       Dungeon | 100.0 | 100.0 |   N/A |   N/A | 100.0 | 108.2
               +-------+-------+-------+-------+-------+----------------------

Table legend: (Time is in decaauts)
 A = Elapsed time spent in this place.
 B = Non-inter-level travel time spent in this place.
 C = Inter-level travel time spent in this place.
 D = Time resting spent in this place.
 E = Time spent auto-exploring this place.
 F = Levels seen in this place.
 G = Mean time per level.
                   A        B        C        D        E       F      G
               +--------+--------+--------+--------+--------+-----+--------+
         Total |   2802 |   2684 |    118 |    100 |   2180 |   4 |  700.5 |
       Dungeon |   2802 |   2684 |    118 |    100 |   2180 |   4 |  700.5 |
               +--------+--------+--------+--------+--------+-----+--------+

Top non-repeatable levels by time:
     D:3: 931 daAuts
     D:2: 787 daAuts
     D:1: 785 daAuts
     D:4: 298 daAuts
